cohdb
Replays
Latest Replays
All Replays
Popular Replays
Top Player Replays
Match Explorer
How It Works
Community
CoH3 Stats
Reddit
Sign in to upload your games and track your stats! →
Sign in with Steam
Match 41382058
Unlisted
Match 41382058
Overview
Messages
Build Orders
End
Construct Infanterie Kompanie
Grenadier Squad
Selects Mechanized Battlegroup
MG 42 Machine Gun Team
Grenadier Squad
Grenadier Squad
GrW 34 Mortar Team
Construct Luftwaffe Kompanie
Jäger Squad
221 Scout Car
Flak 30 Anti-aircraft Gun Team
Jäger Squad
Construct Panzer Kompanie
Selects Mobile Repair Stations
Selects Wespe Self-propelled Artillery
Wespe Self-propelled Artillery
Jäger Squad
Selects Zeroing Artillery Barrage
Selects Raid Package
Zeroing Artillery Barrage
Panzer IV Medium Tank
Panzer IV Medium Tank
Pioneer Squad
Grenadier Squad
Infanterie Officer Quarters
Side Skirts
Selects StuG Assault Group
Selects UNKNOWN (2160084)
Kazot
Devin
[UA]Lich
Atomic Floyd
Microsoft Outlook
deadsadbadmad
0
0
Comments
sign in to comment!
No comments posted yet!